 Dungeon Sprint DCSS version 0.28-a0-1339-ga5422284a4 (webtiles) character file.

Game seed: 16781023293554853414

6035 mhtbhm the Impaler (level 11, -4/100 HPs)
             Began as a Human Berserker on Dec 28, 2021.
             Was a High Priest of Trog.
             Slain by a boulder beetle (8 damage)
             ... while petrified by a catoblepas
             ... in the Dungeon (Sprint IX: "|||||||||||||||||||||||||||||").
             The game lasted 00:02:17 (1784 turns).

mhtbhm the Impaler (Human Berserker)                Turns: 1784, Time: 00:02:18

Health: -4/100     AC: 19    Str: 25    XL:     11   Next: 11%
Magic:  11/11      EV:  2    Int: 10    God:    Trog [*****.]
Gold:   11         SH:  0    Dex: 13    Spells: 10/10 levels left

rFire   + . .      SeeInvis .   a - +2 glaive (flame)
rCold   . . .      Faith    .   (no shield)
rNeg    + + +      Spirit   .   b - +1 plate armour "Caremuraawk" {rF+ rCorr}
rPois   ∞          Reflect  .   (no helmet)
rElec   .          Harm     .   k - +0 cloak
rCorr   +          Rampage  .   (no gloves)
Will    .....      NoTele   +   l - +0 pair of boots
Stlth   ..........              (no amulet)
HPRegen 0.26/turn               m - +3 ring of strength
MPRegen 0.12/turn               n - +3 ring of intelligence

@: petrified, on berserk cooldown
A: no striking features
a: Renounce Religion, Berserk, Trog's Hand, Brothers in Arms


You were in the Dungeon.
You worshipped Trog.
Trog was extremely pleased with you.
You visited 1 branch You collected 11 gold pieces.

Inventory:

Hand Weapons
 a - a +2 glaive of flaming (weapon)
Missiles
 o - 2 boomerangs of dispersal (quivered)
Armour
 b - the +1 plate armour "Caremuraawk" (worn) {rF+ rCorr}
   (You found it in the Dungeon)

   rF:        It protects you from fire.
   rCorr:     It protects you from acid and corrosion.
 k - a +0 cloak (worn)
 l - a +0 pair of boots (worn)
Jewellery
 m - a +3 ring of strength (left hand)
 n - a +3 ring of intelligence (right hand)
Wands
 j - a wand of acid (9)
Scrolls
 h - 3 scrolls of blinking
 q - a scroll of brand weapon
 r - 2 scrolls of fog
 s - 2 scrolls of enchant weapon
Potions
 c - 7 potions of curing
 d - 4 potions of heal wounds
 e - 2 potions of haste
 f - 4 potions of magic
 g - a potion of berserk rage
 i - a potion of invisibility
 p - 2 potions of resistance


   Skills:
 + Level 14.0 Fighting
 + Level 17.1 Polearms
 + Level 11.6 Armour
 + Level 7.0 Dodging
 + Level 1.8 Stealth
 + Level 1.0 Evocations


You had 10 spell levels left.
You didn't know any spells.
Your spell library was empty.

Dungeon Overview and Level Annotations

Branches:
Dungeon (1/1)

Altars:
Cheibriados
Dithmenos
Elyvilon
Fedhas
Gozag
Hepliaklqana
Kikubaaqudgha
Makhleb
Nemelex Xobeh
Okawaru
Qazlal
Ru
Sif Muna
Trog
Uskayaw
Vehumet
Wu Jian
Xom
Yredelemnul
Zin
The Shining One
Beogh
Jiyva
Lugonu


Message History

You are engulfed in calcifying dust.
The blink frog blinks!
The catoblepas gores you but does no damage.
The blink frog blinks!
You turn to flesh and can move again.
You slash the catoblepas! You burn the catoblepas.
The catoblepas is almost dead.
You are engulfed in calcifying dust.
You are slowing down.
The catoblepas breathes a plume of calcifying dust at you.
The blast of calcifying dust hits you but does no damage.
You slash the catoblepas! You burn the catoblepas.
The catoblepas is almost dead.
You are engulfed in calcifying dust.
The catoblepas gores you but does no damage.
Your limbs are stiffening.
Unknown command.
You hit the catoblepas. You burn the catoblepas.
You kill the catoblepas!
Trog accepts your kill.
You are engulfed in calcifying dust.
Your limbs have turned to stone.
The blink frog blinks!
You have turned to stone.
Your Fighting skill increases to level 14!
Your Polearms skill increases to level 17!
Your Evocations skill increases to level 1!
You are engulfed in calcifying dust.
The boulder beetle bites you!!
* * * LOW HITPOINT WARNING * * *
The blink frog blinks!
The boulder beetle bites you but does no damage.
The blink frog blinks!
The boulder beetle bites you!!
* * * LOW HITPOINT WARNING * * *
The boulder beetle bites you!
* * * LOW HITPOINT WARNING * * *
The boulder beetle bites you!!
* * * LOW HITPOINT WARNING * * *
The blink frog blinks!
The boulder beetle bites you but does no damage. x2
The boulder beetle bites you.
* * * LOW HITPOINT WARNING * * *
The boulder beetle bites you!
You die...

▓.▓.▓)▓
▓'▓.▓.▓
▓_▓.▓.▓
▓_▓.▓.▓
▓_▓.▓.▓
▓_▓.▓.▓
▓_▓.▓'▓
▓_▓.▓.▓
▓_▓.▓@▓
▓_▓.▓B▓
▓_▓.▓S▓
▓_▓.▓F▓
▓_▓.▓.▓
▓_▓.▓.▓
▓_▓.▓.▓
▓_▓.▓.▓
▓_▓.▓†▓


You could see a boulder beetle, a blink frog and a water moccasin.

Vanquished Creatures
  3 catoblepae (D)
  A cane toad (D)
  A torpor snail (D)
  3 komodo dragons (D)
  A meliai (D)
  2 trolls (D)
  A vampire (D)
  A wraith (D)
  A steam dragon (D)
  2 vampire mosquitoes (D)
  4 water moccasins (D)
  2 orc warriors (D)
  2 ogres (D)
  A wolf (D)
  A centaur (D)
  A gnoll sergeant (D)
  An adder skeleton (D)
  An orc (D)
  2 bats (D)
  2 goblins (D)
  A ball python zombie (D)
  A rat (D)
35 creatures vanquished.

Vanquished Creatures (collateral kills)
  A hydra (D)
1 creature vanquished.

Grand Total: 36 creatures vanquished

Notes
Turn   | Place    | Note
-------+----------+-------------------------------------------
     0 | D        | mhtbhm the Human Berserker began the quest for the Orb.
     0 | D        | Reached XP level 1. HP: 18/18 MP: 1/1
     9 | D        | Reached ** piety under Trog
    14 | D        | Reached XP level 2. HP: 24/25 MP: 2/2
    20 | D        | Noticed a gnoll sergeant
    20 | D        | Noticed an ogre
    20 | D        | Noticed an ogre
    29 | D        | Killed a gnoll sergeant
    29 | D        | Reached *** piety under Trog
    30 | D        | Reached skill level 5 in Fighting
    30 | D        | Reached skill level 5 in Polearms
    30 | D        | Reached XP level 3. HP: 27/33 MP: 3/3
    30 | D        | Reached XP level 4. HP: 33/39 MP: 4/4
    35 | D        | Killed an ogre
    36 | D        | Reached skill level 7 in Polearms
    36 | D        | Reached XP level 5. HP: 41/48 MP: 5/5
    39 | D        | Killed an ogre
    40 | D        | Reached skill level 8 in Polearms
    40 | D        | Reached XP level 6. HP: 17/56 MP: 6/6
   226 | D        | Found a snail-covered altar of Cheibriados.
   226 | D        | Found a shadowy altar of Dithmenos.
   226 | D        | Found a white marble altar of Elyvilon.
   226 | D        | Found a blossoming altar of Fedhas.
   226 | D        | Found an opulent altar of Gozag.
   227 | D        | Found a hazy altar of Hepliaklqana.
   228 | D        | Found a viscous altar of Jiyva.
   229 | D        | Found an ancient bone altar of Kikubaaqudgha.
   230 | D        | Found a corrupted altar of Lugonu.
   231 | D        | Found a burning altar of Makhleb.
   232 | D        | Found a sparkling altar of Nemelex Xobeh.
   233 | D        | Found an iron altar of Okawaru.
   234 | D        | Found a stormy altar of Qazlal.
   235 | D        | Found a sacrificial altar of Ru.
   236 | D        | Found a shimmering blue altar of Sif Muna.
   237 | D        | Found a bloodstained altar of Trog.
   238 | D        | Found a hide-covered altar of Uskayaw.
   239 | D        | Found a radiant altar of Vehumet.
   240 | D        | Found an ornate altar of the Wu Jian Council.
   241 | D        | Found a shimmering altar of Xom.
   242 | D        | Found a basalt altar of Yredelemnul.
   243 | D        | Found a glowing silver altar of Zin.
   244 | D        | Found a glowing golden altar of the Shining One.
   297 | D        | Noticed a vampire
   297 | D        | Noticed an orc warrior
   297 | D        | Noticed a troll
   297 | D        | Noticed an orc warrior
   297 | D        | Noticed a steam dragon
   303 | D        | Killed a vampire
   303 | D        | Reached **** piety under Trog
   304 | D        | Reached skill level 9 in Polearms
   304 | D        | Reached XP level 7. HP: 64/64 MP: 7/7
   308 | D        | Reached skill level 10 in Polearms
   308 | D        | Reached skill level 5 in Dodging
   310 | D        | Killed a troll
   311 | D        | Reached skill level 10 in Fighting
   311 | D        | Reached skill level 11 in Polearms
   311 | D        | Reached skill level 5 in Armour
   322 | D        | Reached XP level 8. HP: 55/73 MP: 8/8
   333 | D        | Reached ***** piety under Trog
   334 | D        | Reached skill level 12 in Polearms
   586 | D        | Noticed a troll
   586 | D        | Noticed a meliai
   586 | D        | Noticed a wraith
   591 | D        | Killed a troll
   597 | D        | Killed a meliai
   598 | D        | Reached skill level 13 in Polearms
   598 | D        | Reached skill level 1 in Stealth
   601 | D        | Reached XP level 9. HP: 81/81 MP: 9/9
   616 | D        | Received a gift from Trog
   629 | D        | Reached skill level 14 in Polearms
   828 | D        | Got the +1 plate armour "Caremuraawk" {rF+ rCorr}
   846 | D        | Noticed a cane toad
   846 | D        | Noticed a komodo dragon
   857 | D        | Killed a cane toad
   859 | D        | Killed a komodo dragon
   859 | D        | Noticed a seven-headed hydra
   860 | D        | Reached skill level 15 in Polearms
   861 | D        | Noticed a komodo dragon
   864 | D        | Reached XP level 10. HP: 90/90 MP: 10/10
   921 | D        | HP: 4/135 [20-headed hydra (5)]
   928 | D        | Killed a 20-headed hydra
  1279 | D        | Killed a komodo dragon
  1279 | D        | Received a gift from Trog
  1280 | D        | Reached skill level 16 in Polearms
  1482 | D        | Noticed a catoblepas
  1482 | D        | Noticed a catoblepas
  1482 | D        | Noticed a komodo dragon
  1482 | D        | Noticed a torpor snail
  1486 | D        | Killed a catoblepas
  1487 | D        | Reached skill level 10 in Armour
  1487 | D        | Noticed a boulder beetle
  1491 | D        | Killed a catoblepas
  1491 | D        | Noticed a catoblepas
  1493 | D        | Killed a komodo dragon
  1750 | D        | Killed a torpor snail
  1751 | D        | Reached XP level 11. HP: 79/99 MP: 11/11
  1775 | D        | Killed a catoblepas
  1776 | D        | Reached skill level 17 in Polearms
  1776 | D        | Reached skill level 1 in Evocations
  1780 | D        | HP: 4/100 [boulder beetle (9)]
  1784 | D        | Slain by a boulder beetle

Illustrated notes

Levels and vault maps discovered:
D:        linesprint [early_d, line_temple, items_1, d_10, items_2, lair_1,
          lair_end, items_3, orc_1, orc_end, items_4, d_15, swamp_1, shoals_1,
          snake_1, spider_1, d_20, vaults_1, items_5, swamp_end, shoals_end,
          snake_end, spider_end, vaults_end, d_27, items_6, zot_1, zot_end,
          crypt_end, forest_end, elf_end, slime_end, tomb_end, abyss_end,
          pan_hell_end]

Skill      XL: |  1  2  3  4  5  6  7  8  9 10 11 |
---------------+----------------------------------+-----
Fighting       | 5 7 8 9 10 11 12 13 14 | 14.0
Polearms       | 5 7 8 9 11 13 15 16 17 | 17.1
Armour         | 3 4 5 6 8 11 | 11.6
Dodging        | 3 4 5 6 7 |  7.0
Stealth        | 1 |  1.8
Evocations     | 1 |  1.0

Action                   |  1- 3 |  4- 6 |  7- 9 | 10-12 || total
-------------------------+-------+-------+-------+-------++-------
Melee: Spear             |    18 |    14 |       |       ||    32
       Halberd           |       |     5 |    85 |    24 ||   114
       Glaive            |       |       |       |    21 ||    21
Invok: Berserk           |     1 |     1 |     2 |     3 ||     7
       Brothers in Arms  |       |       |       |     1 ||     1
Evoke: Wand              |       |       |       |     1 ||     1
  Use: Potion            |       |       |     1 |       ||     1
       Scroll            |       |       |       |     1 ||     1
Armor: Chain mail        |       |     4 |    42 |       ||    46
       Plate armour      |       |       |     5 |    74 ||    79
Dodge: Dodged            |    10 |     3 |    41 |    42 ||    96

Table legend: (Time is in decaauts)
 A = Elapsed time spent in this place.
 B = Non-inter-level travel time spent in this place.
 C = Inter-level travel time spent in this place.
 D = Time resting spent in this place.
 E = Time spent auto-exploring this place.
 F = Levels seen in this place.
 G = Mean time per level.
                   A        B        C        D        E       F      G
               +--------+--------+--------+--------+--------+-----+--------+
         Total |   1806 |   1806 |      0 |   1230 |    160 |   1 | 1806.0 |
       Dungeon |   1806 |   1806 |      0 |   1230 |    160 |   1 | 1806.0 |
               +--------+--------+--------+--------+--------+-----+--------+

Top non-repeatable levels by time:
       D: 1806 daAuts
